 Dungeon Crawl Stone Soup version 0.26.0-45-g9c1d065592 (webtiles) character file.

Game seed: 14137848104587367001

176 kaeus the Sneak (level 5, 0/33 HPs)
             Began as an Octopode Enchanter on Jan 29, 2021.
             Killed by nerve-wracking pain
             ... invoked by an orc priest
              (7 damage)
             ... on level 3 of the Dungeon.
             The game lasted 00:04:47 (2525 turns).

kaeus the Sneak (Octopode Enchanter)                Turns: 2525, Time: 00:04:47

Health: 0/33       AC:  1    Str:  7    XL:     5   Next: 56%
Magic:  3/8        EV: 18    Int: 17    God:
Gold:   160        SH:  0    Dex: 14    Spells: 3/9 levels left

rFire    . . .     SeeInvis .   g - +2 dagger (venom)
rCold    . . .     Faith    .   (no shield)
rNeg     . . .     Spirit   .   (helmet restricted)
rPois    +         Reflect  .   (no amulet)
rElec    .         Harm     .   d - +4 ring of evasion
rCorr    .         Rampage  .   j - ring of poison resistance
Will     .....                  (no ring)
Stlth    ++++......             (no ring)
HPRegen  0.11/turn              (no ring)
MPRegen  0.11/turn              (no ring)
                                (no ring)
                                (no ring)

@: no status effects
A: almost no armour, stealthy swim, amphibious, 8 rings, constrict 8, camouflage
1, gelatinous body 1
a: no special abilities


You were on level 3 of the Dungeon.
You visited 1 branch of the dungeon, and saw 3 of its levels.

You collected 160 gold pieces.

Inventory:

Hand Weapons
 g - a +2 dagger of venom (weapon)
Jewellery
 d - a +4 ring of evasion (left tentacle)
 j - a ring of poison resistance (right tentacle)
Scrolls
 c - 2 scrolls of remove curse
 i - a scroll of identify
Potions
 a - a potion of lignification {unknown}
 b - a potion of brilliance
 e - a potion of flight {unknown}
 f - a potion of curing
 h - a potion of heal wounds {unknown}
 k - a potion of ambrosia {unknown}
 m - a potion of invisibility {unknown}


   Skills:
 + Level 1.6 Fighting
 + Level 1.9 Short Blades
 + Level 2.7 Dodging
 * Level 6.0 Stealth
 + Level 2.5 Spellcasting
 + Level 3.5 Hexes


You had 3 spell levels left.
You knew the following spells:

 Your Spells              Type           Power        Failure   Level
a - Corona                Hex            15%          4%          1
b - Ensorcelled Hibernat  Hex/Ice        16%          14%         2
c - Dazzling Flash        Conj/Hex       16%          26%         3

Your spell library contained the following spells:

 Spells                   Type           Power        Failure   Level
 Confusing Touch          Hex            14%          13%         3
 Tukima's Dance           Hex            14%          13%         3


Dungeon Overview and Level Annotations

Branches:
Dungeon (3/15)

Altars:

Annotations:
D:3 1 runed translucent door, Crazy Yiuf


Innate Abilities, Weirdness & Mutations

You cannot wear most types of armour.
You are very stealthy in the water. (Stealth+)
You are amphibious.
You can wear up to eight rings at the same time.
You can use your tentacles to constrict eight enemies at once.
Your skin changes colour to match your surroundings (Stealth+).
Your rubbery body absorbs attacks. (AC +1, EV +1)


Message History

Beogh smites you!
You take 13 damage, and have 13/33 hp.
MASSIVE DAMAGE!!
You hit the orc priest but do no damage.
The orc priest is poisoned.
The orc priest is lightly wounded.
You constrict the orc priest, but do no damage.
The orc priest hits you with a +0 mace!
* * * LOW HITPOINT WARNING * * *
You take 7 damage, and have 6/33 hp.
MASSIVE DAMAGE!!
You feel better.
You constrict the orc priest, but do no damage.
The orc priest hits you with a +0 mace.
* * * LOW HITPOINT WARNING * * *
You completely miss the orc priest.
You squeeze the orc priest, but do no damage.
The orc priest is moderately wounded.
You constrict the orc priest, but do no damage.
The orc priest invokes the aid of Beogh against you.
Pain shoots through your body!
You die...

###### ####### #<...#
....... ####.####.......
######.#oo@)......
#......#.##.......
#######.######.# .......
............##o# .......
..#####.###.##o##.......
................>...####
..#####.###..#.#.####
#.....###.#.#.# #.....#
#...#.#######


You could see an orc priest (very poisoned) and an orc.

Vanquished Creatures
  4 river rats (D:3)
  6 adders
  A dart slug (D:1)
  6 worms (D:3)
  A leopard gecko (D:2)
  4 orcs (D:3)
  4 giant cockroaches
  3 goblins
  5 hobgoblins
  2 jackals (D:3)
  15 kobolds
  3 quokkas (D:2)
  5 bats
  8 rats
67 creatures vanquished.

Notes
Turn   | Place    | Note
-------+----------+-------------------------------------------
     0 | D:1      | kaeus the Octopode Enchanter began the quest for the Orb.
     0 | D:1      | Reached XP level 1. HP: 11/11 MP: 3/3
   374 | D:1      | Reached XP level 2. HP: 17/17 MP: 5/5
   964 | D:2      | Reached XP level 3. HP: 22/22 MP: 6/6
   999 | D:2      | Reached skill level 5 in Stealth
  1052 | D:2      | HP: 1/22 [quokka (3)]
  1353 | D:2      | Learned a level 2 spell: Ensorcelled Hibernation
  1357 | D:2      | Learned a level 3 spell: Dazzling Flash
  1525 | D:2      | Reached skill level 1 in Fighting
  1525 | D:2      | Reached XP level 4. HP: 28/28 MP: 7/7
  2033 | D:3      | Reached XP level 5. HP: 11/33 MP: 8/8
  2097 | D:3      | Found a glowing drain.
  2319 | D:3      | Found a runed translucent door.
  2320 | D:3      | Noticed Crazy Yiuf
  2512 | D:3      | Reached skill level 6 in Stealth
  2525 | D:3      | Killed from afar by an orc priest

Illustrated notes

Levels and vault maps discovered:
D:1:      dpeg_arrival_simpleton_a, layout_basic
D:2:      layout_loops_ring, minmay_tetromino_t4
D:3:      layout_basic, marbit_many_paths, fiery_altar_vehumet,
          lightli_sewer_entry_pipes, uniq_crazy_yiuf_cottage

Skill      XL: |  1  2  3  4  5 |
---------------+----------------+-----
Stealth        | 5 6 |  6.0
Fighting       | 1 |  1.6
Short Blades   | |  1.9
Dodging        | |  2.7
Spellcasting   | |  2.5
Hexes          | |  3.5

Action                   |  1- 3 |  4- 6 || total
-------------------------+-------+-------++-------
Melee: Dagger            |    60 |    81 ||   141
       Constrict         |    13 |    20 ||    33
       Tentacles         |     5 |    12 ||    17
 Cast: Ensorcelled Hiber |       |     3 ||     3
  Use: Scroll            |       |     8 ||     8
       Potion            |       |     4 ||     4
 Stab: Sleeping          |    16 |    12 ||    28
Armor: Skin              |     4 |     2 ||     6
Dodge: Dodged            |    32 |    68 ||   100
